 Dungeon Crawl Stone Soup version 0.27.0-1-g7a089689b8 (webtiles) character file.

Game seed: 3234340268197595401

5159 Froggeryz the Slicer (level 10, -5/61 HPs)
             Began as an Octopode Brigand on Aug 2, 2021.
             Was an Initiate of Gozag.
             Killed from afar by an electric eel (14 damage)
             ... with a bolt of electricity
             ... on level 10 of the Dungeon.
             The game lasted 00:15:49 (12880 turns).

Froggeryz the Slicer (Octopode Brigand)            Turns: 12880, Time: 00:15:50

Health: -5/61      AC:  3    Str: 12    XL:     10   Next: 59%
Magic:  10/10      EV: 17    Int: 13    God:    Gozag
Gold:   355        SH:  5    Dex: 16    Spells: 9/9 levels left

rFire    . . .     SeeInvis .   a - +2 dagger (venom)
rCold    . . .     Faith    .   C - +0 buckler
rNeg     . . .     Spirit   .   h - +2 hat
rPois    +         Reflect  .   x - amulet of the acrobat
rElec    .         Harm     .   i - ring of poison resistance
rCorr    .         Rampage  .   q - ring of willpower
Will     +....                  (no ring)
Stlth    +++++.....             (no ring)
HPRegen  0.20/turn              (no ring)
MPRegen  0.12/turn              (no ring)
                                (no ring)
                                (no ring)

@: no status effects
A: almost no armour, amphibious, 8 rings, camouflage 1, gelatinous body 1,
(nimble swimmer 1), tentacles
a: Renounce Religion, Potion Petition, Call Merchant, Bribe Branch


You were on level 10 of the Dungeon.
You worshipped Gozag.
Gozag was aware of your devotion.
You visited 2 branches of the dungeon, and saw 11 of its levels.
You also visited: Sewer.

You collected 1060 gold pieces.
You spent 624 gold pieces at shops.
You paid 81 gold pieces to Gozag.

Inventory:

Hand Weapons
 a - a +2 dagger of venom (weapon)
 l - a +2 dagger of speed
 t - a +1 short sword of flaming
Missiles
 b - 17 poisoned darts (quivered)
 c - 7 curare-tipped darts
 I - 4 boomerangs
Armour
 h - a +2 hat (worn)
 C - a +0 buckler (worn)
Jewellery
 i - a ring of poison resistance (left tentacle)
 q - a ring of willpower (right tentacle)
 x - an amulet of the acrobat (around mantle)
Wands
 g - a wand of flame (22)
 j - a wand of digging (3)
 y - a wand of charming (9)
 H - a wand of iceblast (7)
Scrolls
 k - 4 scrolls of teleportation
 m - 4 scrolls of enchant armour
 o - 2 scrolls of immolation
 s - 2 scrolls of amnesia
 v - 3 scrolls of fog
 D - a scroll of brand weapon
 E - 3 scrolls of magic mapping
 F - 3 scrolls of enchant weapon
 G - a scroll of summoning
 L - a scroll of fear
Potions
 d - 3 potions of curing
 e - 4 potions of haste
 f - 3 potions of heal wounds
 n - a potion of flight {unknown}
 p - a potion of berserk rage {unknown}
 r - a potion of invisibility {unknown}
 u - a potion of resistance {unknown}
 w - a potion of magic {unknown}
 z - a potion of lignification
 A - a potion of might {unknown}
 B - a potion of attraction {unknown}
 J - a potion of cancellation {unknown}
 K - a potion of brilliance


   Skills:
 - Level 2.3 Fighting
 - Level 10.2 Short Blades
 * Level 6.2 Throwing
 + Level 7.4 Dodging
 - Level 8.0 Stealth
 - Level 5.0 Shields


You had 9 spell levels left.
You didn't know any spells.
Your spell library contained the following spells:

 Spells                   Type           Power      Damage    Failure   Level
 Animate Skeleton         Necr           0%         N/A       30%         1
 Apportation              Tloc           0%         N/A       30%         1
 Corona                   Hex            0%         N/A       30%         1
 Freeze                   Ice            0%         1d3       30%         1
 Summon Small Mammal      Summ           0%         N/A       30%         1
 Dazzling Flash           Conj/Hex       0%         N/A       67%         3
 Frozen Ramparts          Ice            0%         1d2       67%         3
 Ignite Poison            Fire/Tmut/Pois 0%         N/A       67%         3
 Mephitic Cloud           Conj/Pois/Air  0%         N/A       67%         3
 Ozocubu's Armour         Ice            0%         N/A       67%         3
 Hailstorm                Conj/Ice       0%         3d3       97%         4
 Agony                    Necr           0%         N/A       100%        5
 Bolt of Magma            Conj/Fire/Erth 0%         4d4       100%        5
 Metabolic Englaciation   Hex/Ice        0%         N/A       100%        5
 Silence                  Hex/Air        0%         N/A       100%        5
 Summon Forest            Summ/Tloc      0%         N/A       100%        5
 Summon Mana Viper        Hex/Summ       0%         N/A       100%        5
 Shadow Creatures         Summ           N/A        N/A       100%        6
 Simulacrum               Ice/Necr       0%         N/A       100%        6


Dungeon Overview and Level Annotations

Branches:
Dungeon (10/15)            Temple (1/1) D:5            Lair (0/6) D:10
    Orc (0/2) D:9           Sewer (visited)

Altars:
Ashenzari
Elyvilon
Fedhas
Gozag
Hepliaklqana
Kikubaaqudgha
Makhleb
Nemelex Xobeh
Okawaru
Qazlal
Ru
Trog
Yredelemnul
Zin
The Shining One

Shops:
D:5 ?   D:8 :


Innate Abilities, Weirdness & Mutations

You cannot wear most types of armour.
You are amphibious.
You can wear up to eight rings at the same time.
Your skin changes colour to match your surroundings (Stealth+).
Your rubbery body absorbs attacks. (AC +1, EV +1)
((You are camouflaged near water. (Stealth+)))
You have tentacles for arms and can constrict up to eight enemies at once.


Message History

You grab the wolf. You squeeze the wolf.
The wolf is lightly wounded.
You constrict the wolf, but do no damage.
You hear a bellow!
The electric eel shoots out a bolt of lightning at you!
The bolt of electricity misses you. The wolf closely misses you.
You miss the electric eel. Your grab misses the electric eel.
Your squeeze misses the electric eel. You constrict the wolf.
The wolf bites you.
You hit the electric eel. Your grab misses the electric eel.
The electric eel is lightly wounded.
You constrict the wolf, but do no damage.
The electric eel shoots out a bolt of lightning at you!
The bolt of electricity hits you!
Aiming: Throw Flame
Press: ? - help, Shift-Dir - straight line, f - electric eel
Aim: an electric eel (lightly wounded, 48% to hit)
The puff of flame hits the electric eel.
The electric eel is heavily wounded.
You constrict the wolf. You block the wolf's attack.
The wolf closely misses you.
The electric eel is engulfed in a cloud of scalding steam.
The electric eel shoots out a bolt of lightning at you!
The bolt of electricity hits you!
Aiming: Throw Flame
Press: ? - help, Shift-Dir - straight line, p - electric eel The puff of flame hits the electric eel!
The electric eel is heavily wounded.
The yak bellows!
You are engulfed in a cloud of scalding steam.
You constrict the wolf. The wolf bites you.
The electric eel is engulfed in a cloud of scalding steam.
The electric eel shoots out a bolt of lightning at you!
The bolt of electricity hits you!
* * * LOW HITPOINT WARNING * * *
The wolf misses you.
The electric eel shoots out a bolt of lightning at you!
The bolt of electricity hits you!
You die...
Your body crumbles into a pile of gold.

#....#.#
#..(########
#.#.##.#
###......≈≈≈≈≈
#.#.##>#
#....≈....≈≈≈≈
.......#
###.#...≈≈..≈≈$≈
########
#........≈≈≈≈≈≈≈ #
#.#......≈≈≈≈$≈≈
#.#......≈≈≈≈$$≈
#.#..$..≈.≈≈≈≈.. ≈≈
####$#....@§≈≈≈≈YY>
.T
#.......#h§;;.≈≈≈.
≈≈
#.##......§§§≈≈≈..
$ ≈. #
######..≈..≈≈≈≈ ≈≈
#....≈≈≈≈≈ ≈≈
#....≈..≈≈ Y≈
...≈....≈.
..........


You could see 2 yaks, a wolf and 2 electric eels.

Vanquished Creatures
  Nergalle (D:10)
  Maggie (D:7)
  A troll (D:10)
  Prince Ribbit (D:9)
  2 shadows
  2 steam dragons
  Eustachio (D:4)
  Duvessa (D:4)
  Edmund (D:5)
  2 water moccasins
  An orc warrior (D:9)
  A sky beast (D:5)
  A black bear (D:6)
  2 necrophages
  4 wolves (D:10)
  A phantom (D:6)
  4 centaurs
  A kobold brigand (D:9)
  A scorpion (D:3)
  2 bullfrogs
  Dowan (D:4)
  3 killer bees (D:7)
  An electric eel (D:10)
  5 hounds
  A centaur zombie (D:6)
  A jelly (D:5)
  A centaur skeleton (D:5)
  5 orc priests
  Jessica (D:2)
  2 bullfrog skeletons
  2 iguanas
  9 orc wizards
  A killer bee zombie (D:8)
  3 howler monkey zombies
  4 gnolls
  11 adders
  A white imp (D:5)
  An ufetubus (D:4)
  2 adder skeletons (D:4)
  4 worms
  2 dart slugs
  38 orcs
  18 ball pythons
  12 endoplasms
  12 giant cockroaches
  8 goblins
  8 hobgoblins
  5 jackals
  23 quokkas
  2 bats (D:1)
  14 frilled lizards
  13 kobolds
  6 rats
251 creatures vanquished.

Notes
Turn   | Place    | Note
-------+----------+-------------------------------------------
     0 | D:1      | Froggeryz the Octopode Brigand began the quest for the Orb.
     0 | D:1      | Reached XP level 1. HP: 14/14 MP: 1/1
   281 | D:1      | Reached XP level 2. HP: 19/19 MP: 2/2
   553 | D:1      | Reached XP level 3. HP: 24/24 MP: 3/3
   554 | D:1      | Found a faded altar of an unknown god.
   948 | D:2      | Reached skill level 3 in Short Blades
  1027 | D:2      | Reached XP level 4. HP: 29/29 MP: 4/4
  1334 | D:2      | Noticed Jessica
  1353 | D:2      | Killed Jessica
  1354 | D:2      | Reached XP level 5. HP: 15/34 MP: 5/5
  1527 | D:2      | Found a white marble altar of Elyvilon.
  2172 | D:3      | Found a glowing drain.
  2221 | Sewer    | Entered a sewer
  2313 | Sewer    | Reached skill level 4 in Short Blades
  2615 | Sewer    | Reached XP level 6. HP: 35/39 MP: 6/6
  2764 | Sewer    | Reached skill level 5 in Short Blades
  3548 | D:3      | Noticed a necrophage
  3555 | D:3      | Killed a necrophage
  3615 | D:4      | Noticed Eustachio
  3634 | D:3      | Reached XP level 7. HP: 23/45 MP: 7/7
  3789 | D:4      | Killed Eustachio
  3790 | D:4      | Reached skill level 6 in Short Blades
  4288 | D:4      | Noticed Duvessa
  4288 | D:4      | Noticed Dowan
  4308 | D:4      | Killed Duvessa
  4320 | D:4      | Killed Dowan
  4321 | D:4      | Reached skill level 7 in Short Blades
  4321 | D:4      | Reached XP level 8. HP: 21/50 MP: 8/8
  5379 | D:5      | Entered Level 5 of the Dungeon
  5796 | D:5      | Found a glowing silver altar of Zin.
  5799 | D:5      | Reached skill level 8 in Short Blades
  5882 | D:5      | Noticed Edmund
  6057 | D:5      | Found a staircase to the Ecumenical Temple.
  6071 | Temple   | Entered the Ecumenical Temple
  6135 | Temple   | Became a worshipper of Gozag Ym Sagoz the Greedy
  6484 | D:5      | Killed Edmund
  6768 | D:5      | Found Qasidwi's Magic Scroll Shoppe.
  7001 | D:6      | Reached skill level 9 in Short Blades
  7001 | D:6      | Reached skill level 5 in Dodging
  7009 | D:6      | Reached XP level 9. HP: 34/54 MP: 9/9
  7688 | D:7      | Noticed Maggie
  7693 | D:7      | Killed Maggie
  7694 | D:7      | Reached skill level 10 in Short Blades
  9225 | D:8      | Found Qorisown's Book Shop.
  9353 | D:8      | Reached skill level 1 in Shields
 10304 | D:9      | Found a staircase to the Orcish Mines.
 10306 | D:9      | Noticed Prince Ribbit
 10331 | D:9      | Killed Prince Ribbit
 10332 | D:9      | Reached skill level 5 in Shields
 10332 | D:9      | Reached XP level 10. HP: 51/61 MP: 10/10
 11235 | D:9      | Found a glowing golden altar of the Shining One.
 11644 | D:10     | Entered Level 10 of the Dungeon
 11995 | D:9      | Identified a scroll of acquirement
 11997 | D:9      | Acquired a ring of willpower
 12103 | D:5      | Bought 2 scrolls of magic mapping for 77 gold pieces
 12103 | D:5      | Bought a scroll of fear for 38 gold pieces
 12103 | D:5      | Bought a scroll of fog for 22 gold pieces
 12103 | D:5      | Bought a scroll of enchant armour for 82 gold pieces
 12103 | D:5      | Bought a scroll of enchant armour for 82 gold pieces
 12103 | D:5      | Bought a scroll of enchant weapon for 82 gold pieces
 12103 | D:5      | Bought a scroll of enchant armour for 82 gold pieces
 12103 | D:5      | Bought a scroll of enchant weapon for 82 gold pieces
 12103 | D:5      | Bought a scroll of identify for 22 gold pieces
 12103 | D:5      | Bought a scroll of identify for 22 gold pieces
 12103 | D:5      | Bought a scroll of identify for 22 gold pieces
 12103 | D:5      | Bought a scroll of noise for 11 gold pieces
 12441 | D:10     | Noticed Nergalle
 12446 | D:10     | Killed Nergalle
 12447 | D:10     | Reached skill level 5 in Throwing
 12603 | D:10     | Found a staircase to the Lair.
 12880 | D:10     | Killed from afar by an electric eel

Illustrated notes

Levels and vault maps discovered:
D:1:      wander_arrival_lonely_grave, layout_basic,
          ebering_ecumenical_altar_mist
D:2:      layout_loops_ring, minmay_hexomino_r4, uniq_jessica
D:3:      layout_loops_ring, gup_sewer_entry_bowl
D:4:      layout_basic, uniq_eustachio, uniq_duvessa
D:5:      layout_cave_pools, mainiacjoe_overflow_paths, temple_statues,
          serial_shops, shop, uniq_edmund
D:6:      layout_rooms
D:7:      layout_rooms, uniq_maggie
D:8:      layout_gridville, serial_shops, shop
D:9:      layout_loops_corners, tso_altar, david_orc_2, uniq_prince_ribbit1
D:10:     layout_loops_cross, erik_lair_island, uniq_nergalle
Temple:   regret_index_temple_chain_breaker

Skill      XL: |  1  2  3  4  5  6  7  8  9 10 |
---------------+-------------------------------+-----
Stealth        | 6 7 8 |  8.0
Short Blades   | 3 4 5 7 9 10 | 10.2
Dodging        | 2 3 5 6 7 |  7.4
Throwing       | 3 6 |  6.2
Shields        | 5 |  5.0
Fighting       | |  2.3

Action                   |  1- 3 |  4- 6 |  7- 9 | 10-12 || total
-------------------------+-------+-------+-------+-------++-------
Melee: Dagger            |    48 |   179 |   280 |   104 ||   611
       Constrict         |     8 |    42 |    62 |    18 ||   130
       Tentacles         |     2 |    31 |    89 |    27 ||   149
       Short sword       |       |       |    38 |       ||    38
Throw: Dart              |       |       |     8 |     4 ||    12
Evoke: Wand              |       |       |     3 |    16 ||    19
  Use: Scroll            |       |     4 |       |    11 ||    15
       Potion            |       |       |     2 |       ||     2
 Stab: Sleeping          |    18 |    29 |    17 |     3 ||    67
       Distracted        |       |       |       |     1 ||     1
Armor: Skin              |     4 |    14 |    25 |     5 ||    48
Dodge: Dodged            |    23 |    60 |   149 |    43 ||   275
Block: Buckler           |       |       |       |     7 ||     7
